 Dungeon Crawl Stone Soup version 0.19.5 (webtiles) character file.

7292 TryAgain the Magician (level 11, -2/64 HPs)
             Began as a Gargoyle Ice Elementalist on Apr 18, 2017.
             Was a Priest of Vehumet.
             Slain by a minotaur
             ... wielding a +4 rod of ignition (12/12)
              (16 damage)
             ... on level 1 of the Lair of Beasts.
             The game lasted 01:00:55 (11941 turns).

TryAgain the Magician (Gargoyle Ice Elementalist)  Turns: 11941, Time: 01:00:55

Health: -2/64      AC: 22    Str: 12    XL:     11   Next: 13%
Magic:  3/22       EV: 13    Int: 19    God:    Vehumet [***...]
Gold:   127        SH:  6    Dex: 10    Spells: 8 memorised, 6 levels left

rFire  + . .     SeeInvis .     K - +2 spear (freeze)
rCold  . . .     Gourm    .     f - +0 leather armour
rNeg   + . .     Faith    .     q - +1 buckler
rPois  ∞         Spirit   .     (no helmet)
rElec  +         Reflect  .     (no cloak)
rCorr  +         Harm     .     C - +0 pair of gloves
MR     .....                    h - +2 pair of boots
Stlth  ++........               (no amulet)
                                v - ring of resist corrosion
                                D - ring of protection from fire

@: icy armour, about to teleport, very slightly contaminated, slow
A: negative energy resistance 1, electricity resistance, unbreathing,
petrification resistance, rot immunity, AC +7
a: Renounce Religion


You were on level 1 of the Lair of Beasts.
You worshipped Vehumet.
Vehumet was most pleased with you.
You were hungry.

You visited 3 branches of the dungeon, and saw 12 of its levels.
You also visited: Labyrinth.

You collected 479 gold pieces.
You spent 352 gold pieces at shops.

Inventory:

Hand Weapons
 m - a +1 trident
 H - a +2 scythe of protection
 K - a +2 spear of freezing (weapon)
Missiles
 s - 137 stones (quivered)
Armour
 f - a +0 leather armour (worn)
 h - a +2 pair of boots (worn)
 p - a +0 shield
 q - a +1 buckler (worn)
 C - a +0 pair of gloves (worn)
Magical Staves
 J - an uncursed staff of power
Jewellery
 v - a ring of resist corrosion (right hand)
 w - an uncursed ring of positive energy
 D - a ring of protection from fire (left hand)
 F - a +5 ring of strength
 O - an uncursed ring of teleportation
Wands
 x - a wand of heal wounds (1/9)
 E - a wand of polymorph (11/24)
 G - a wand of flame (18/48)
 I - a wand of teleportation (1/9)
 L - a wand of polymorph (11/24)
Scrolls
 i - a scroll of fear
 k - 3 scrolls of identify
 l - 2 scrolls of teleportation
 o - 2 scrolls of magic mapping
 u - 3 scrolls of fog
 y - a scroll of acquirement {unknown}
 z - 4 scrolls of enchant weapon
 M - 2 scrolls of recharging {unknown}
Potions
 a - 2 potions of resistance
 d - 2 potions of magic
 e - 2 potions of berserk rage
 g - a potion of lignification {unknown}
 n - 2 potions of curing
 r - 2 potions of invisibility
 B - a potion of agility
 N - a potion of flight
Books
 b - a book of Frost

   Spells                             Type                      Level
   a - Freeze                         Ice                          1
   b - Throw Frost                    Conjuration/Ice              2
   c - Ozocubu's Armour               Charms/Ice                   3
   d - Throw Icicle                   Conjuration/Ice              4
   e - Summon Ice Beast               Ice/Summoning                4
 A - a book of Conjurations

   Spells                             Type                      Level
   a - Magic Dart                     Conjuration                  1
   b - Searing Ray                    Conjuration                  2
   c - Dazzling Spray                 Conjuration/Hexes            3
   d - Fulminant Prism                Conjuration/Hexes            4
   e - Iskenderun's Mystic Blast      Conjuration                  4
   f - Iskenderun's Battlesphere      Conjuration/Charms           5
 P - a book of the Sky

   Spells                             Type                      Level
   a - Summon Lightning Spire         Summoning/Air                4
   b - Airstrike                      Air                          4
   c - Silence                        Hexes/Air                    5
   d - Deflect Missiles               Charms/Air                   6
   e - Conjure Ball Lightning         Conjuration/Air              6
   f - Tornado                        Air                          9
Comestibles
 c - 3 bread rations
 j - 5 meat rations
 t - 10 fruits


   Skills:
 - Level 5.3 Fighting
 - Level 5.0 Armour
 + Level 4.6 Dodging
 - Level 5.0 Stealth
 + Level 6.8 Shields
 + Level 7.7 Spellcasting
 + Level 6.9 Conjurations
 - Level 1.0 Charms
 - Level 1.0 Summonings
 - Level 6.2 Ice Magic
 - Level 4.0 Earth Magic


You had 6 spell levels left.
You knew the following spells:

 Your Spells              Type           Power        Failure   Level  Hunger
a - Freeze                Ice            ####         1%          1    None
b - Throw Icicle          Conj/Ice       ####....     2%          4    ###....
c - Summon Ice Beast      Ice/Summ       ###.....     28%         4    ###....
d - Ozocubu's Armour      Chrm/Ice       ###.....     10%         3    #......
e - Sandblast             Erth           ###...       1%          1    None
f - Throw Frost           Conj/Ice       ####..       1%          2    None
g - Shock                 Conj/Air       ###.         1%          1    None
h - Dazzling Spray        Conj/Hex       ###...       3%          3    #......


Dungeon Overview and Level Annotations

Branches:
Dungeon (10/15)            Temple (1/1) D:6            Lair (1/6) D:8
    Orc: D:9-12

Altars:
Dithmenos
Elyvilon
Fedhas
Hepliaklqana
Kikubaaqudgha
Makhleb
Nemelex Xobeh
Qazlal
Ru
Uskayaw
Vehumet
Yredelemnul
Zin
The Shining One

Shops:
D:9 ?

Annotations:
Lair:1 Fannar, Nergalle


Innate Abilities, Weirdness & Mutations

You are resistant to torment.
Your stone body is resilient. (AC +7)
You are immune to poison.
You resist negative energy. (rN+)
You are resistant to electric shocks. (rElec)
You can survive without breathing.
You are immune to petrification.
You are immune to rotting.


Message History

The minotaur hits you with a rod of ignition!
The minotaur gores you but does no damage.
The minotaur hits you with a rod of ignition!!
* * * LOW HITPOINT WARNING * * *
The minotaur gores you but does no damage.
Okay, then.
Okay, then.
You block the minotaur's attack.
The minotaur gores you but does no damage.
The minotaur misses you.
The minotaur gores you but does no damage.
Welcome back to the Lair of Beasts!
Level annotation: Fannar, Nergalle
There is an empty arch of ancient stone here.
As you read the scroll of teleportation, it crumbles to dust.
You feel strangely unstable.
The minotaur hits you but does no damage.
The minotaur completely misses you.
The minotaur hits you with a rod of ignition!
You die...

.. ............ ...
.......... ... ..P
#......... ... ..#
##............
..########........ ... .
..##......+.....###.##..
..###...###...#........#
.........##.....H......#
..###.[.......#.@.......
..# #...##....#........#
..##.#.P###...#........#
...##...# #...#........+
...###+#.##....#####+##.
.............>...
..................
..................
...........


You could see a minotaur.

Vanquished Creatures
  The ghost of TryAgain the Thaumaturge, a novice DEAE of Vehumet (D:8)
  A komodo dragon (D:8)
  A two-headed ogre (D:8)
  2 dream sheep (D:9)
  A hippogriff (D:6)
  Sigmund (D:3)
  2 yaks (D:9)
  A hungry ghost (Lab)
  4 water moccasins
  A porcupine (Lair:1)
  3 ice beasts
  3 orc warriors (D:8)
  A phantom (D:5)
  7 sky beasts
  A black bear (D:8)
  7 necrophages
  3 ogres
  A centaur (D:7)
  4 big kobolds
  4 bullfrogs
  A gnoll sergeant (D:8)
  A wyvern zombie (D:6)
  2 water moccasin skeletons
  9 wights
  A bullfrog zombie (D:8)
  A howler monkey (D:5)
  4 crimson imps
  A centaur zombie (D:5)
  5 hounds
  A quasit (D:8)
  2 jellies
  A bullfrog skeleton (D:6)
  4 orc priests
  3 centaur skeletons
  4 iguanas
  7 orc wizards
  2 worker ants
  A hound zombie (D:7)
  8 adders
  8 gnolls
  A shadow imp (D:5)
  2 oozes
  An adder zombie (D:6)
  2 adder skeletons
  A worm (D:3)
  A dart slug (D:3)
  2 leopard geckos (D:1)
  22 orcs
  7 giant cockroaches
  10 goblins
  6 hobgoblins
  6 jackals
  17 kobolds
  7 quokkas
  A ball python skeleton (D:4)
  7 bats
  6 frilled lizards
  A giant cockroach zombie (D:6)
  A jackal skeleton (D:3)
  A leopard gecko skeleton (D:5)
  A quokka zombie (D:7)
  7 rats
  A plant (D:8)
226 creatures vanquished.

Vanquished Creatures (collateral kills)
  An ice beast (D:7)
1 creature vanquished.

Vanquished Creatures (others)
  4 fungi (D:6)
  7 plants (D:8)
11 creatures vanquished.

Grand Total: 238 creatures vanquished

Notes
Turn   | Place    | Note
-------+----------+-------------------------------------------
     0 | D:1      | TryAgain the Gargoyle Ice Elementalist began the quest for the Orb.
     0 | D:1      | Reached XP level 1. HP: 10/10 MP: 3/3
   452 | D:1      | Reached XP level 2. HP: 12/15 MP: 0/5
   972 | D:1      | Reached XP level 3. HP: 19/19 MP: 3/6
  1176 | D:2      | Reached skill level 1 in Armour
  1364 | D:2      | Found a white marble altar of Elyvilon.
  1520 | D:2      | Found a sacrificial altar of Ru.
  1709 | D:3      | Reached XP level 4. HP: 16/24 MP: 5/7
  1871 | D:3      | Noticed Sigmund
  2123 | D:3      | Reached skill level 1 in Shields
  2318 | D:3      | Reached XP level 5. HP: 12/28 MP: 5/9
  2655 | D:3      | Noticed a sky beast
  2675 | D:3      | Killed a sky beast
  2675 | D:3      | Reached skill level 3 in Spellcasting
  2675 | D:3      | Reached XP level 6. HP: 16/32 MP: 4/10
  3489 | D:4      | Reached XP level 7. HP: 7/36 MP: 8/12
  3740 | D:4      | Reached skill level 1 in Fighting
  3778 | D:4      | Found a blossoming altar of Fedhas.
  3929 | D:5      | Entered Level 5 of the Dungeon
  3947 | D:5      | Reached skill level 4 in Spellcasting
  4402 | D:6      | Found a staircase to the Ecumenical Temple.
  4410 | D:6      | Reached XP level 8. HP: 35/46 MP: 7/15
  4440 | Temple   | Entered the Ecumenical Temple
  4450 | Temple   | Became a worshipper of Vehumet
  4460 | Temple   | Learned a level 4 spell: Throw Icicle
  4465 | Temple   | Learned a level 4 spell: Summon Ice Beast
  4469 | Temple   | Learned a level 3 spell: Ozocubu's Armour
  4533 | D:6      | Found a faded altar of an unknown god.
  4533 | D:6      | Found a faded altar of an unknown god.
  4538 | D:6      | Found a shadowy altar of Dithmenos.
  4540 | D:6      | Found a faded altar of an unknown god.
  4541 | D:6      | Found a faded altar of an unknown god.
  4704 | D:6      | Reached skill level 5 in Spellcasting
  4704 | D:6      | Reached skill level 5 in Ice Magic
  5319 | D:6      | Noticed a hippogriff
  5330 | D:6      | Killed a hippogriff
  5330 | D:6      | Reached XP level 9. HP: 13/51 MP: 9/17
  5540 | D:6      | Reached skill level 6 in Spellcasting
  5989 | D:6      | Found a hide-covered altar of Uskayaw.
  6068 | D:6      | Reached skill level 1 in Charms
  6068 | D:6      | Reached skill level 1 in Summonings
  6107 | D:5      | Found a burning altar of Makhleb.
  6269 | D:5      | Reached skill level 5 in Conjurations
  6320 | D:5      | Found a basalt altar of Yredelemnul.
  6323 | D:5      | Found a glowing golden altar of the Shining One.
  6529 | D:5      | Reached * piety under Vehumet
  6529 | D:5      | Offered knowledge of Sandblast by Vehumet.
  6532 | D:5      | Learned a level 1 spell: Sandblast
  6535 | D:5      | Learned a level 2 spell: Throw Frost
  6638 | D:5      | Noticed an angel
  6645 | D:5      | Noticed a profane servitor
  6742 | D:3      | Killed Sigmund
  6742 | D:3      | Reached skill level 1 in Earth Magic
  7540 | D:7      | Reached skill level 7 in Spellcasting
  7621 | D:7      | Reached skill level 5 in Stealth
  7714 | D:7      | Offered knowledge of Shock by Vehumet.
  7719 | D:7      | Learned a level 1 spell: Shock
  7778 | D:8      | Reached ** piety under Vehumet
  7783 | D:8      | Reached XP level 10. HP: 50/56 MP: 17/20
  8460 | D:8      | Found a staircase to the Lair.
  8471 | D:8      | Found a hazy altar of Hepliaklqana.
  8537 | D:8      | Noticed TryAgain's ghost (novice DEAE)
  8552 | D:8      | Killed TryAgain's ghost
  8820 | D:8      | Reached skill level 5 in Armour
  8918 | D:8      | Reached skill level 5 in Shields
  9082 | D:8      | Reached skill level 5 in Fighting
  9535 | D:8      | Found a stormy altar of Qazlal.
  9844 | D:9      | Offered knowledge of Dazzling Spray by Vehumet.
  9850 | D:9      | Learned a level 3 spell: Dazzling Spray
  9959 | D:9      | Reached *** piety under Vehumet
 10012 | D:9      | Found Alyi's Magic Scroll Boutique.
 10017 | D:9      | Bought a scroll of noise for 15 gold pieces
 10018 | D:9      | Bought a scroll of identify for 30 gold pieces
 10018 | D:9      | Bought a scroll of teleportation for 45 gold pieces
 10018 | D:9      | Bought a scroll of identify for 30 gold pieces
 10018 | D:9      | Bought a scroll of teleportation for 45 gold pieces
 10018 | D:9      | Bought a scroll of identify for 30 gold pieces
 10025 | D:9      | Bought a scroll of remove curse for 45 gold pieces
 10032 | D:9      | Bought a scroll of enchant weapon for 112 gold pieces
 10276 | D:9      | Noticed a three-headed hydra
 10388 | D:10     | Entered Level 10 of the Dungeon
 10433 | D:9      | Reached XP level 11. HP: 62/64 MP: 22/22
 10675 | Lair:1   | Entered Level 1 of the Lair of Beasts
 10765 | Lair:1   | Noticed Fannar
 10788 | Lair:1   | Noticed Nergalle
 10845 | Lair:1   | Found a labyrinth entrance.
 10851 | Lab      | Entered a labyrinth
 11930 | Lab      | Noticed a minotaur
 11941 | Lair:1   | Identified a +4 rod of ignition (12/12)
 11941 | Lair:1   | Slain by a minotaur

Skill      XL: |  1  2  3  4  5  6  7  8  9 10 |
---------------+-------------------------------+-----
Dodging        | 2 4 |  4.6
Armour         | 1 2 3 4 5 |  5.0
Shields        | 1 2 3 4 6 |  6.8
Ice Magic      | 4 6 |  6.2
Spellcasting   | 3 4 5 7 |  7.7
Fighting       | 3 5 |  5.3
Conjurations   | 4 6 |  6.9
Charms         | 1 |  1.0
Summonings     | 1 |  1.0
Stealth        | 5 |  5.0
Earth Magic    | 3 4 |  4.0

Action                   |  1- 3 |  4- 6 |  7- 9 | 10-12 || total
-------------------------+-------+-------+-------+-------++-------
Melee: Whip              |    32 |       |       |       ||    32
       Club              |     6 |       |       |       ||     6
       Trident           |    23 |    97 |   462 |   110 ||   692
       Spear             |       |       |       |   374 ||   374
       Staff             |       |       |       |    10 ||    10
 Cast: Freeze            |    40 |    55 |   146 |    94 ||   335
       Sandblast         |       |       |     1 |       ||     1
       Ozocubu's Armour  |       |       |       |    12 ||    12
       Throw Icicle      |       |       |       |     7 ||     7
       Summon Ice Beast  |       |       |       |     5 ||     5
       Throw Frost       |       |       |       |     3 ||     3
  Use: Scroll            |       |     8 |     8 |     7 ||    23
       Potion            |       |       |     2 |       ||     2
 Stab: Sleeping          |     1 |       |     2 |     2 ||     5
       Distracted        |       |       |     1 |       ||     1
  Eat: Chunk             |     3 |     6 |    11 |     6 ||    26
       Beef jerky        |       |       |     1 |     1 ||     2
       Pizza             |       |       |     1 |     6 ||     7
       Bread ration      |       |       |       |     1 ||     1
       Fruit             |       |       |       |     2 ||     2
Armor: Robe              |    27 |       |       |       ||    27
       Leather armour    |    16 |    59 |   240 |   229 ||   544
Dodge: Dodged            |    57 |    80 |   288 |   289 ||   714
Block: Buckler           |       |    28 |   131 |   158 ||   317
